 Dungeon Crawl Stone Soup version 0.31-a0-574-g69dc8cc98e (webtiles) character file.

Game seed: 12449837093974171558

266922 Sirjeffry24 the Ninja (level 19, -13/145 HPs)
             Began as a Vampire Enchanter on Aug 17, 2023.
             Was the Champion of Dithmenos.
             Mangled by a +7 battleaxe of freezing (15 damage)
             ... on level 2 of the Elven Halls on Aug 18, 2023.
             The game lasted 01:43:55 (39330 turns).

Sirjeffry24 the Ninja (Vampire Enchanter)          Turns: 39330, Time: 01:43:56

Health: -13/145    AC: 16    Str:  7    XL:     19   Next: 34%
Magic:  32/45      EV: 21    Int: 22    God:    Dithmenos [******]
Gold:   550        SH:  5    Dex: 25    Spells: 9/44 levels left

rFire   + . .        k - +9 dagger "Xiumn" {venom, Int+2 Dex+3 Stlth+}
rCold   . . .        (no shield)
rNeg    + + +        Q - +1 troll leather armour
rPois   .            V - +2 hat "Cihusmoc" {rN+}
rElec   .            T - +2 cloak {Will+}
rCorr   .            y - +2 pair of gloves
SInv    +            i - +2 pair of boots
Will    ++...        n - amulet of reflection Stlth #*********
                     W - ring "Kuorituph" {Fly Dex+2}
HPRegen 1.44/turn    S - ring of Koyqal {rN++ MP+9}
MPRegen 0.29/turn

%: reflection
@: about to teleport, flying, healing quickly, wreathed by umbra
A: alive, fangs 3, see invisible, vampiric 2, fire resistance 1, robust 1
}: 2/15 runes: serpentine, barnacled
a: Exsanguinate, Renounce Religion, Shadow Step, Shadow Form


You were on level 2 of the Elven Halls.
You worshipped Dithmenos.
Dithmenos was exalted by your worship.
You visited 7 branches of the dungeon, and saw 33 of its levels.
You also visited: Sewer.

You collected 2453 gold pieces.
You spent 1903 gold pieces at shops.

Inventory:

Hand Weapons
 k - the +9 dagger "Xiumn" (weapon) {venom, Int+2 Dex+3 Stlth+}
   (You found it on level 2 of the Dungeon)

   Int+2:     It affects your intelligence (+2).
   Dex+3:     It affects your dexterity (+3).
   Stlth+:    It makes you more stealthy.
 K - the +9 rapier "Xutzirr" {venom, rF+ Str-4 Int+3 Dex+7}
   (You found it on level 1 of the Lair of Beasts)

   Str-4:     It affects your strength (-4).
   Int+3:     It affects your intelligence (+3).
   Dex+7:     It affects your dexterity (+7).
   rF+:       It protects you from fire.
Armour
 b - a +2 tower shield of resistance
 i - a +2 pair of boots (worn)
 w - a +0 helmet
 y - a +2 pair of gloves (worn)
 G - the +3 salamander hide armour {Flames, rFlCloud rF++ rC--}
   (You found it on level 8 of the Dungeon)

   Flames:    It surrounds you with flame clouds and enhances your fire magic.
   rFlCloud:  It grants immunity to flame clouds.
   rF++:      It greatly protects you from fire.
   rC--:      It makes you very vulnerable to cold.
 Q - a +1 troll leather armour (worn)
 T - a +2 cloak of willpower (worn)
 V - the +2 hat "Cihusmoc" (worn) {rN+}
   (You found it on level 13 of the Dungeon)

   rN+:       It protects you from negative energy.
Jewellery
 d - a ring of protection from fire
 j - a ring of protection from cold
 n - an amulet of reflection (around neck)
 q - a +6 ring of dexterity
 N - a ring of protection from fire
 S - the ring of Koyqal (right hand) {rN++ MP+9}
   (You acquired it on level 2 of the Orcish Mines)

   [ring of magical power]

   rN++:      It greatly protects you from negative energy.
   MP+9:      It affects your magic capacity (+9).
 W - the ring "Kuorituph" (left hand) {Fly Dex+2}
   (You found it on level 1 of the Shoals)

   [ring of flight]

   Dex+2:     It affects your dexterity (+2).
   Fly:       It grants you flight.
Wands
 B - a wand of flame (41)
 E - a wand of digging (5)
 F - a wand of light (4)
 I - a wand of charming (19)
 L - a wand of polymorph (10)
 O - a wand of mindburst (12)
 U - a wand of roots (5)
Scrolls
 m - 4 scrolls of enchant weapon
 p - 6 scrolls of vulnerability
 s - 8 scrolls of immolation
 u - a scroll of fog
 v - 5 scrolls of fear
 A - 13 scrolls of teleportation
 C - a scroll of silence
 D - 4 scrolls of brand weapon
 H - 5 scrolls of amnesia
 J - a scroll of blinking
 M - 2 scrolls of poison
 Y - 3 scrolls of revelation
Potions
 c - 4 potions of invisibility
 e - 3 potions of mutation
 f - 12 potions of curing
 g - 5 potions of magic
 h - 2 potions of attraction
 l - 4 potions of might
 o - 7 potions of haste
 r - 6 potions of ambrosia
 t - 7 potions of heal wounds
 x - 2 potions of cancellation
 z - 4 potions of berserk rage
 P - a potion of enlightenment
 R - a potion of brilliance
 Z - a potion of resistance
Miscellaneous
 a - a sack of spiders
 X - a condenser vane


   Skills:
 + Level 7.1 Fighting
 + Level 10.8 Short Blades
 + Level 4.9 Armour
 * Level 11.0 Dodging
 O Level 27 Stealth
 + Level 4.7 Shields
 * Level 13.4 Spellcasting
 O Level 27 Hexes
 + Level 2.6 Necromancy
 + Level 3.6 Transmutations
 + Level 0.1 Evocations


You had 9 spell levels left.
You knew the following spells:

 Your Spells              Type           Power      Damage    Failure   Level
a - Ensorcelled Hibernat  Hex/Ice        100%       N/A       1%          2
b - Tukima's Dance        Hex            93%        N/A       0%          3
c - Confusing Touch       Hex            93%        N/A       0%          3
d - Dazzling Flash        Conj/Hex       100%       N/A       1%          3
e - Discord               Hex            46%        N/A       1%          8
f - Anguish               Hex/Necr       34%        N/A       1%          4
g - Yara's Violent Unrav  Hex/Tmut       35%        3d14      1%          5
h - Enfeeble              Hex            46%        N/A       1%          7

Your spell library contained the following spells:

 Spells                   Type           Power      Damage    Failure   Level
 Inner Flame              Hex/Fire       65%        N/A       1%          3
 Portal Projectile        Hex/Tloc       100%       N/A       1%          3
 Kiss of Death            Conj/Necr      80%        2d11      3%          1
 Shock                    Conj/Air       56%        1d6       6%          1
 Swiftness                Air            14%        N/A       19%         3
 Animate Dead             Necr           26%        N/A       21%         4
 Dispel Undead            Necr           26%        3d13      21%         4
 Airstrike                Air            7%         2d(1-17)  52%         4
 Animate Armour           Summ/Erth      28%        N/A       52%         4
 Iskenderun's Mystic Bla  Conj/Tloc      14%        2d5       52%         4
 Olgreb's Toxic Radiance  Pois           14%        N/A       52%         4
 Summon Lightning Spire   Summ/Air       14%        N/A       52%         4
 Lee's Rapid Deconstruct  Erth           7%         3d6*      86%         5
 Haunt                    Necr/Summ      10%        N/A       100%        7
 Ignition                 Fire           7%         3d4       100%        8
 Infestation              Necr           13%        N/A       100%        8


Dungeon Overview and Level Annotations

Branches:
Dungeon (15/15)            Temple (1/1) D:5            Lair (5/5) D:11
 Shoals (4/4) Lair:2        Snake (4/4) Lair:2        Slime (0/5) Lair:4
    Orc (2/2) D:10            Elf (2/3) Orc:2        Vaults (0/5) D:14
 Depths (0/4) D:15          Sewer (visited)

Altars:
Ashenzari
Cheibriados
Dithmenos
Fedhas
Gozag
Hepliaklqana
Kikubaaqudgha
Makhleb
Nemelex Xobeh
Okawaru
Qazlal
Ru
Sif Muna
Trog
Uskayaw
Vehumet
Wu Jian
Xom
Yredelemnul
Jiyva
Lugonu

Shops:
D:9 [   D:12 :[![?   Orc:2 (?![   Elf:1 [   Shoals:2 (   Snake:1 :   Snake:2 [
Snake:3 ?!?(:

Portals:
Abyss: Lair:5
Trove: D:14 (show slimy rune of Zot)

Annotations:
D:9 2 transporters, lindul's ghost, novice MiBe
Lair:5 3 runed translucent doors, elongatedgoose's ghost, journeyman DsSh
Snake:2 3 runed translucent doors, Lecvoy's ghost, adept OgSh
Orc:2 3 runed translucent doors, Zonian's ghost, adept OpSh


Innate Abilities, Weirdness & Mutations

Your natural rate of healing is accelerated.
You have razor-sharp teeth.
You have supernaturally acute eyesight. (SInv)
You are afflicted with vampirism and can become a bat while bloodless.
Your flesh is heat resistant. (rF+)
You are robust. (+10% HP)


Message History

The +7 battleaxe of freezing hits you!
The +7 battleaxe of freezing freezes you.
* * * LOW HITPOINT WARNING * * *
You closely miss the +7 battleaxe of freezing.
The +7 battleaxe of freezing is heavily damaged.
Your shadow hits the +7 battleaxe of freezing but does no damage.
The +7 battleaxe of freezing hits you!
* * * LOW HITPOINT WARNING * * *
The +7 battleaxe of freezing freezes you.
* * * LOW HITPOINT WARNING * * *
You puncture the +7 battleaxe of freezing!
You bite the +7 battleaxe of freezing, but do no damage.
The +7 battleaxe of freezing is severely damaged.
Unknown command.
You hit the +7 battleaxe of freezing but do no damage.
The +7 battleaxe of freezing is severely damaged.
The +7 battleaxe of freezing closely misses you.
Unknown command.
You hit the +7 battleaxe of freezing but do no damage.
You bite the +7 battleaxe of freezing, but do no damage.
The +7 battleaxe of freezing is severely damaged.
Unknown command.
You closely miss the +7 battleaxe of freezing.
You bite the +7 battleaxe of freezing, but do no damage.
The +7 battleaxe of freezing is severely damaged.
The +7 battleaxe of freezing completely misses you.
As you read the scroll of teleportation, it crumbles to dust.
You feel strangely unstable. The +7 battleaxe of freezing hits you.
* * * LOW HITPOINT WARNING * * *
The +7 battleaxe of freezing freezes you.
* * * LOW HITPOINT WARNING * * *
Unknown command.
You hit the +7 battleaxe of freezing but do no damage.
The +7 battleaxe of freezing is severely damaged.
The +7 battleaxe of freezing is no longer weakened.
The +7 battleaxe of freezing hits you!!
* * * LOW HITPOINT WARNING * * *
You emit a cloud of dark smoke.
The +7 battleaxe of freezing freezes you!
You die...

....#.. .#... .....#.
..#.........#.. ......#
.#...........#. .......
#.............#
.......##.............##
.....§#§.#...........#.#
.....#(§§.#.........#..#
....#§§@§§.#.......#...#
...#..§§§§..#.....#....#
..#....§.§...#...#.....#
##..(...§§....###.......
#............# #...)..)
#............###..)....
..#..........#...#.....#
...#........#.....#.)..#
....#......#.......#...#


You could see 2 dancing weapons.

Vanquished Creatures
  Vashnia (Snake:4)
  Mlioglotl (Snake:2)
  Rupert (Lair:4)
  Gastronok (Lair:1)
  Agnes (D:14)
  The ghost of Xavori the Unseen, an adept OpCK of Xom (Snake:4)
  Donald (Elf:2)
  A kraken (Shoals:1)
  Frances (D:12)
  Roxanne (Elf:2)
  Kirke (D:15)
  16 nagarajas
  A fire giant (D:15)
  Louise (D:14)
  An orc warlord (Orc:2)
  Nessos (D:14)
  Azrael (Elf:1)
  A deep elf annihilator (Elf:2)
  3 merfolk javelineers
  11 merfolk impalers
  Josephine (D:10)
  The ghost of Oneirical the Imperceptible, a journeyman FeEn of Uskayaw (Shoals:1)
  A salamander tyrant (Snake:4)
  4 hydras
  An alligator snapping turtle (Shoals:4)
  4 anacondas
  3 centaur warriors
  A catoblepas (Lair:1)
  5 boulder beetles
  4 merfolk aquamancers
  2 merfolk avatars (Shoals:4)
  5 death yaks (Lair:3)
  14 dancing weapons
  A death knight (D:14)
  A satyr (Shoals:3)
  9 naga warriors
  3 two-headed ogres
  A tengu warrior (D:15)
  10 naga sharpshooters
  6 shock serpents
  4 sun demons
  The ghost of dxb338 the Gouger, a journeyman FeSh of Wu Jian (Orc:1)
  3 deep elf knights
  3 thrashing horrors (Lair:5)
  Sonja (Orc:1)
  Amaemon (Lair:1)
  6 skysharks
  A sun moth (Shoals:3)
  A salamander mystic (Snake:4)
  13 sea snakes
  A deep elf archer (Elf:2)
  A swamp dragon (shapeshifter) (D:14)
  5 naga ritualists
  11 harpies
  An orc knight (D:15)
  2 lindwurms
  14 deep elf zephyrmancers
  3 orc sorcerers (Orc:2)
  23 deep elf pyromancers
  12 mana vipers
  18 manticores
  6 salamanders
  9 cyclopes
  10 fauns
  8 ugly things
  2 moths of wrath (Shoals:1)
  3 large abominations (Lair:5)
  2 oklob plants (D:11)
  7 elephants
  5 water nymphs
  5 merfolk sirens
  A smoke demon (Lair:5)
  24 black mambas
  A guardian serpent (Snake:4)
  5 naga magi
  6 gargoyles
  An orange demon (Lair:1)
  A kobold demonologist (D:11)
  11 cane toads
  3 rime drakes
  9 komodo dragons
  21 merfolk
  5 trolls
  2 polar bears
  Prince Ribbit (Lair:1)
  4 wind drakes
  33 blink frogs
  2 dream sheep (Shoals:4)
  12 snapping turtles
  18 slime creatures
  2 vampires
  A jumping spider (shapeshifter) (Elf:1)
  9 wraiths
  2 air elementals
  4 water elementals
  4 spriggans
  4 wyverns
  2 ynoxinuls (Lair:5)
  5 basilisks
  4 fire elementals
  23 yaks
  A yak (shapeshifter) (D:15)
  11 small abominations (Lair:5)
  2 chaos spawn (Lair:5)
  13 vampire mosquitoes
  2 steam dragons
  3 wargs
  Menkaure (D:5)
  21 nagas
  3 hell hounds (Elf:1)
  17 water moccasins
  21 orc warriors
  A sky beast (D:6)
  2 black bears
  3 ice beasts
  6 centaurs
  8 ogres
  A centaur (shapeshifter) (Lair:5)
  27 wolves
  A kobold brigand (D:6)
  12 bullfrogs
  Blork the orc (D:4)
  2 gnoll sergeants
  An earth elemental (Elf:2)
  3 scorpions
  A wight (D:8)
  6 killer bees (D:7)
  2 electric eels (Snake:4)
  3 howler monkeys
  11 orc priests
  3 gnoll boudas
  7 hounds
  A jelly (D:6)
  Terence (D:2)
  6 iguanas
  21 orc wizards
  Robin (D:2)
  14 gnolls
  14 adders
  6 river rats
  3 shadow imps
  A white imp (D:6)
  An ufetubus (D:5)
  3 worms
  4 dart slugs
  46 orcs
  19 ball pythons
  9 bats
  2 endoplasms
  4 giant cockroaches
  18 goblins
  5 hobgoblins
  5 jackals
  6 quokkas
  5 frilled lizards
  8 kobolds
  22 rats
947 creatures vanquished.

Vanquished Creatures (collateral kills)
  4 merfolk javelineers (Shoals:4)
  3 merfolk impalers (Shoals:4)
  An anaconda (Snake:2)
  3 two-headed ogres
  3 merfolk aquamancers (Shoals:4)
  2 naga warriors
  An orc high priest (Orc:2)
  2 naga ritualists
  2 mana vipers (Snake:3)
  An orc sorcerer (Orc:2)
  5 fauns
  2 guardian serpents
  8 salamanders
  4 black mambas
  7 naga magi
  A merfolk siren (Shoals:4)
  A gargoyle (D:12)
  A water nymph (Shoals:4)
  2 dancing weapons
  2 wind drakes (Shoals:4)
  2 merfolk (Shoals:4)
  2 raiju (Lair:5)
  A snapping turtle (Shoals:3)
  A water elemental (Shoals:2)
  A yak (D:10)
  A fire elemental (Elf:1)
  4 nagas
  2 hell hounds (Elf:1)
  2 orc warriors
  3 centaurs
  7 wights
  Crazy Yiuf (D:2)
  12 orc priests
  14 orc wizards
  7 gnolls
  An adder (D:6)
  20 orcs
  4 goblins
  3 kobolds
143 creatures vanquished.

Vanquished Creatures (others)
  A salamander tyrant (Snake:4)
  A manticore (Shoals:2)
  10 dancing weapons
  3 humans (D:15)
  2 wargs (Orc:2)
  3 nagas
  3 orc warriors (Orc:2)
  3 orc wizards
  An orc (Orc:2)
27 creatures vanquished.

Grand Total: 1117 creatures vanquished

Notes
Turn   | Place    | Note
-------+----------+-------------------------------------------
     0 | D:1      | Sirjeffry24 the Vampire Enchanter began the quest for the
                  | Orb.
     0 | D:1      | Reached XP level 1. HP: 13/13 MP: 3/3
   160 | D:1      | Reached XP level 2. HP: 4/19 MP: 5/5
   161 | D:1      | Reached skill level 5 in Stealth
   262 | D:1      | Learned a level 2 spell: Ensorcelled Hibernation
   274 | D:1      | Reached skill level 5 in Hexes
   781 | D:2      | Found a stormy altar of Qazlal.
   789 | D:2      | Gained mutation: You are afflicted with vampirism and can
                  | become a bat while bloodless. [Vampire growth]
   789 | D:2      | Reached XP level 3. HP: 24/24 MP: 6/6
   858 | D:2      | Noticed Terence
   873 | D:2      | Killed Terence
   967 | D:2      | Reached XP level 4. HP: 12/30 MP: 4/7
  1064 | D:2      | Noticed Robin
  1133 | D:1      | Learned a level 3 spell: Tukima's Dance
  1179 | D:2      | Killed Robin
  1499 | D:2      | Found a runed translucent door.
  1500 | D:2      | Noticed Crazy Yiuf
  1532 | D:2      | Identified the +9 dagger "Xiumn" {venom, Int+2 Dex+3
                  | Stlth+}
  1867 | D:2      | Killed Crazy Yiuf
  1868 | D:2      | Reached XP level 5. HP: 33/36 MP: 4/8
  2090 | D:3      | Found a glowing drain.
  2094 | Sewer    | Entered a sewer
  2235 | Sewer    | Reached skill level 1 in Fighting
  2316 | Sewer    | Reached XP level 6. HP: 43/43 MP: 9/9
  2640 | D:3      | Found a faded altar of an unknown god.
  2854 | D:4      | Noticed Blork the orc
  2861 | D:4      | Killed Blork the orc
  2862 | D:4      | Reached XP level 7. HP: 48/48 MP: 6/10
  3474 | D:4      | Reached skill level 10 in Stealth
  3843 | D:5      | Entered Level 5 of the Dungeon
  4023 | D:5      | Found a staircase to the Ecumenical Temple.
  4031 | Temple   | Entered the Ecumenical Temple
  4034 | Temple   | Upgraded the game from 0.31-a0-564-g3b7de120b3 to
                  | 0.31-a0-574-g69dc8cc98e
  4048 | Temple   | Became a worshipper of Dithmenos the Shadowed
  4188 | D:5      | Reached XP level 8. HP: 56/56 MP: 11/11
  4479 | D:5      | Noticed Menkaure
  4486 | D:5      | Killed Menkaure
  4850 | D:6      | Learned a level 3 spell: Confusing Touch
  5524 | D:6      | Noticed a cyclops
  5551 | D:6      | You fall into a shaft and drop 3 floors!
  5608 | D:9      | Found a blossoming altar of Fedhas.
  5971 | D:6      | Killed a cyclops
  5972 | D:6      | Reached XP level 9. HP: 58/61 MP: 3/12
  6070 | D:6      | Identified the +4 dagger of Res Nullius {venom, rF+ rN+
                  | Str+3}
  6100 | D:6      | Reached skill level 5 in Short Blades
  6104 | D:6      | Reached * piety under Dithmenos
  6114 | D:6      | Reached skill level 10 in Hexes
  6312 | D:6      | Reached skill level 5 in Dodging
  7260 | D:7      | Found a sparkling altar of Nemelex Xobeh.
  7260 | D:7      | Found a sacrificial altar of Ru.
  7535 | D:8      | Reached ** piety under Dithmenos
  7541 | D:8      | Reached XP level 10. HP: 66/69 MP: 2/13
  7622 | D:8      | Found the +3 salamander hide armour {Flames, rFlCloud rF++
                  | rC--}
  8162 | D:8      | Reached skill level 15 in Stealth
  8866 | D:9      | Found a transporter.
  8901 | D:9      | Noticed a fire dragon
  8921 | D:9      | Found a transporter.
  8923 | D:9      | Noticed a moth of wrath
  8981 | D:9      | Noticed lindul's ghost (novice MiBe)
  9176 | D:9      | Found Pabbibb's Armour Shop.
  9347 | D:9      | Noticed a gargoyle
  9350 | D:9      | Killed a gargoyle
  9360 | D:9      | Noticed a gargoyle
  9362 | D:9      | Killed a gargoyle
  9371 | D:9      | Noticed a gargoyle
  9373 | D:9      | Killed a gargoyle
  9374 | D:9      | Reached skill level 1 in Armour
  9378 | D:9      | Noticed a gargoyle
  9385 | D:9      | Killed a gargoyle
  9523 | D:9      | Noticed a gargoyle
  9528 | D:9      | Killed a gargoyle
  9716 | D:9      | Found a snail-covered altar of Cheibriados.
  9719 | D:9      | Found a basalt altar of Yredelemnul.
  9719 | D:9      | Found an iron altar of Okawaru.
  9906 | D:10     | Entered Level 10 of the Dungeon
 10316 | D:10     | Noticed Josephine
 10318 | D:10     | Killed Josephine
 10319 | D:10     | Reached XP level 11. HP: 75/75 MP: 17/17
 10322 | D:10     | Noticed a two-headed ogre
 10332 | D:10     | Killed a two-headed ogre
 10401 | D:10     | Found a staircase to the Orcish Mines.
 10578 | D:10     | Noticed a two-headed ogre
 10587 | D:10     | Killed a two-headed ogre
 10588 | D:10     | Reached skill level 5 in Spellcasting
 10592 | D:10     | Reached *** piety under Dithmenos
 10671 | D:10     | Reached skill level 15 in Hexes
 11249 | D:11     | Noticed a two-headed ogre
 11270 | D:11     | Killed a two-headed ogre
 11330 | D:11     | Noticed a sixfirhy
 11374 | D:11     | Noticed an oklob plant
 11376 | D:11     | Found a staircase to the Lair.
 11377 | D:11     | Noticed an oklob plant
 11380 | D:11     | Killed an oklob plant
 11589 | D:11     | Killed an oklob plant
 11619 | D:11     | Noticed a purple ugly thing
 11627 | D:11     | Killed a purple ugly thing
 12152 | D:12     | Found an ancient bone altar of Kikubaaqudgha.
 12193 | D:12     | Found Joredejud's Magic Scroll Shoppe.
 12205 | D:12     | Bought a scroll of fear for 64 gold pieces
 12205 | D:12     | Bought a scroll of blinking for 120 gold pieces
 12205 | D:12     | Bought a scroll of teleportation for 48 gold pieces
 12277 | D:12     | Reached **** piety under Dithmenos
 12278 | D:12     | Reached XP level 12. HP: 56/81 MP: 14/21
 12392 | D:12     | Noticed Frances
 12400 | D:12     | Killed Frances
 12505 | D:12     | Found Sohaxy's Antique Armour Shop.
 12513 | D:12     | Found Rifiqep's Book Boutique.
 12550 | D:12     | Found Cewn's Distillery.
 12558 | D:12     | Bought a potion of brilliance for 60 gold pieces
 12591 | D:12     | Noticed a two-headed ogre
 12598 | D:12     | Killed a two-headed ogre
 12686 | D:12     | Found Jiejaics's Antique Armour Boutique.
 12697 | D:12     | Bought an embroidered cloak for 180 gold pieces
 12719 | D:12     | Noticed a boulder beetle
 12726 | D:12     | Killed a boulder beetle
 13214 | D:13     | Noticed a two-headed ogre
 13225 | D:13     | Killed a two-headed ogre
 13401 | D:13     | Noticed a two-headed ogre
 13403 | D:13     | Noticed a boulder beetle
 13412 | D:13     | Killed a two-headed ogre
 13418 | D:13     | Killed a boulder beetle
 13471 | D:13     | Noticed a boulder beetle
 13475 | D:13     | Killed a boulder beetle
 13600 | D:13     | Identified the +2 hat "Cihusmoc" {rN+}
 13806 | D:13     | Learned a level 3 spell: Dazzling Flash
 13830 | D:14     | Noticed a boulder beetle
 13832 | D:14     | Killed a boulder beetle
 13833 | D:14     | Noticed a boulder beetle
 13840 | D:14     | Killed a boulder beetle
 13844 | D:14     | Noticed a centaur warrior
 14219 | D:14     | Killed a centaur warrior
 14220 | D:14     | Reached XP level 13. HP: 81/88 MP: 14/23
 14227 | D:14     | Noticed Louise
 14229 | D:14     | Noticed Agnes
 14236 | D:14     | Killed Louise
 14237 | D:14     | Killed Agnes
 14276 | D:14     | Noticed Nessos
 14452 | D:14     | Killed Nessos
 14477 | D:14     | Reached skill level 1 in Shields
 14763 | D:14     | Found a portal to a secret trove of treasure.
 15006 | D:14     | Found a gate to the Vaults.
 15327 | D:14     | Found a sacrificial altar of Ru.
 15555 | D:15     | Entered Level 15 of the Dungeon
 15571 | D:15     | Identified the +6 long sword "Heygh" {elec, Int+4}
 15571 | D:15     | Noticed Kirke
 15587 | D:15     | Killed Kirke
 15697 | D:15     | Reached ***** piety under Dithmenos
 15856 | D:15     | Found a staircase to the Depths.
 15856 | D:15     | Noticed a fire giant
 16250 | D:15     | Killed a fire giant
 16337 | D:15     | Learned a level 8 spell: Discord
 16337 | D:15     | Gained mutation: You are robust. (+10% HP) [potion of
                  | mutation]
 16337 | D:15     | Gained mutation: Your flesh is heat resistant. (rF+)
                  | [potion of mutation]
 16415 | Lair:1   | Entered Level 1 of the Lair of Beasts
 16501 | Lair:1   | Identified the +9 rapier "Xutzirr" {venom, rF+ Str-4 Int+3
                  | Dex+7}
 16681 | Lair:1   | Noticed Prince Ribbit
 16709 | Lair:1   | Killed Prince Ribbit
 16795 | Lair:1   | Noticed Amaemon
 16806 | Lair:1   | Killed Amaemon
 17100 | Lair:1   | Noticed Gastronok
 17105 | Lair:1   | Killed Gastronok
 17162 | Lair:1   | Reached XP level 14. HP: 101/105 MP: 19/25
 17416 | Lair:2   | Found a staircase to the Shoals.
 17748 | Lair:2   | Found a staircase to the Snake Pit.
 19465 | Lair:4   | Reached ****** piety under Dithmenos
 19657 | Lair:4   | Noticed Rupert
 19662 | Lair:4   | Killed Rupert
 19804 | Lair:4   | Found a viscous altar of Jiyva.
 19804 | Lair:4   | Found a staircase to the Slime Pits.
 20280 | Lair:5   | Entered Level 5 of the Lair of Beasts
 20911 | Lair:5   | Reached XP level 15. HP: 108/112 MP: 24/26
 21193 | Lair:5   | Identified the ring "Douqig" {rCorr MP-9 Slay+5}
 21416 | Lair:5   | Found a corrupted altar of Lugonu.
 21416 | Lair:5   | Found a one-way gate to the infinite horrors of the Abyss.
 21661 | Lair:5   | Noticed elongatedgoose's ghost (journeyman DsSh)
 21700 | Lair:5   | Found a runed translucent gate.
 21700 | Lair:5   | Found a runed translucent gate.
 21700 | Lair:5   | Found a runed translucent gate.
 22098 | Orc:1    | Entered Level 1 of the Orcish Mines
 22233 | Orc:1    | Found a runed translucent door.
 22233 | Orc:1    | Found a shimmering altar of Xom.
 22233 | Orc:1    | Noticed dxb338's ghost (journeyman FeSh)
 22525 | Orc:1    | Noticed Sonja
 22534 | Orc:1    | Killed Sonja
 22575 | Orc:1    | Reached XP level 16. HP: 118/118 MP: 28/28
 22713 | Orc:1    | Killed dxb338's ghost
 22765 | Orc:2    | Entered Level 2 of the Orcish Mines
 23106 | Orc:2    | Found a staircase to the Elven Halls.
 23194 | Orc:2    | Found a runed translucent gate.
 23238 | Orc:2    | Found a runed translucent gate.
 23238 | Orc:2    | Found a runed translucent gate.
 23244 | Orc:2    | Noticed Zonian's ghost (adept OpSh)
 23247 | Orc:2    | Reached skill level 27 in Stealth
 23482 | Orc:2    | Found Zaibbiytes's Distillery.
 23482 | Orc:2    | Found Nianalan's Weapon Boutique.
 23483 | Orc:2    | Found Beiw Yrharua's Magic Scroll Boutique.
 23488 | Orc:2    | Found Ehunoop's Antique Armour Shop.
 23493 | Orc:2    | Bought a scroll of acquirement for 936 gold pieces
 23495 | Orc:2    | Acquired the ring of Koyqal {rN++ MP+9}
 24329 | Snake:1  | Entered Level 1 of the Snake Pit
 24473 | Lair:2   | HP: 5/118 [poisoned by a black mamba]
 24478 | Lair:2   | HP: 5/118 [poisoned by a black mamba]
 24881 | Lair:2   | Reached skill level 5 in Fighting
 25166 | Snake:1  | Found Jidumadgh's Book Shoppe.
 25942 | Snake:2  | Found Ruanuubb's Armour Emporium.
 26567 | Snake:2  | Reached skill level 10 in Short Blades
 26749 | Snake:2  | Noticed Mlioglotl
 26755 | Snake:2  | Killed Mlioglotl
 26805 | Snake:2  | Found a runed translucent gate.
 26811 | Snake:2  | Found a runed translucent gate.
 26812 | Snake:2  | Found a runed translucent gate.
 26814 | Snake:2  | Noticed Lecvoy's ghost (adept OgSh)
 26957 | Snake:3  | Found Tuloattu's Magic Scroll Shop.
 27012 | Snake:3  | Found Bycil's Weapon Boutique.
 27036 | Snake:3  | Reached XP level 17. HP: 126/126 MP: 30/30
 27259 | Snake:3  | Found Plog's Magic Scroll Boutique.
 27263 | Snake:3  | Found Violewnu's Distillery.
 27267 | Snake:3  | Bought a scroll of butterflies for 72 gold pieces
 27360 | Snake:3  | Found Loucefocki's Book Shoppe.
 27375 | Snake:3  | Bought a book of Dreams for 224 gold pieces
 27380 | Snake:3  | Learned a level 4 spell: Anguish
 27745 | Snake:4  | Entered Level 4 of the Snake Pit
 28116 | Snake:4  | Found a runed translucent door.
 28116 | Snake:4  | Noticed Xavori's ghost (adept OpCK)
 28151 | Snake:4  | Noticed Vashnia
 28157 | Snake:4  | Reached skill level 10 in Spellcasting
 28171 | Snake:4  | Killed Vashnia
 29503 | Snake:4  | Reached skill level 1 in Necromancy
 29570 | Snake:4  | Identified the +1 leather armour "Dolu" {+Inv rPois rF-}
 29578 | Snake:4  | Reached skill level 10 in Dodging
 29606 | Snake:4  | Got a serpentine rune of Zot
 29712 | Snake:4  | Killed Xavori's ghost
 29877 | Shoals:1 | Entered Level 1 of the Shoals
 30162 | Shoals:1 | Found a transporter.
 30163 | Shoals:1 | Found a bloodstained altar of Trog.
 30163 | Shoals:1 | Noticed Oneirical's ghost (journeyman FeEn)
 30206 | Shoals:1 | Noticed a kraken
 30305 | Shoals:1 | Killed a kraken
 30405 | Shoals:1 | Identified the amulet "Tioson" {Spirit rPois Will- Str+5
                  | Slay+5}
 30636 | Shoals:1 | Reached XP level 18. HP: 137/137 MP: 33/33
 30655 | Shoals:1 | Found a transporter.
 31103 | Shoals:1 | Killed Oneirical's ghost
 31134 | Shoals:1 | Identified the ring "Kuorituph" {Fly Dex+2}
 31153 | Shoals:1 | Learned a level 5 spell: Yara's Violent Unravelling
 31161 | Shoals:1 | Learned a level 7 spell: Enfeeble
 31851 | Shoals:2 | Found Piseff's Antique Weapon Boutique.
 32292 | Shoals:3 | Found a shadowy altar of Dithmenos.
 32819 | Shoals:3 | Reached skill level 1 in Transmutations
 33479 | Shoals:4 | Entered Level 4 of the Shoals
 34495 | Shoals:4 | Got a barnacled rune of Zot
 34726 | Shoals:4 | Identified the ring "Huemuari" {Will+ MP+9 Slay+2 Stlth+}
 34984 | Shoals:4 | Identified the +0 executioner's axe "Famim" {protect,
                  | *Noise rN+ Will+ Dex+5}
 35298 | Elf:1    | Entered Level 1 of the Elven Halls
 35590 | Elf:1    | Noticed Azrael
 35602 | Elf:1    | Killed Azrael
 35752 | Elf:1    | You are sucked into a shaft and drop 1 floor!
 35799 | Elf:2    | Found a radiant altar of Vehumet.
 35800 | Elf:2    | Noticed Donald
 35807 | Elf:2    | Killed Donald
 35840 | Elf:2    | Reached XP level 19. HP: 144/144 MP: 35/35
 36478 | Elf:1    | Found Idgheke's Antique Armour Boutique.
 36483 | Elf:1    | Bought a warped cloak for 199 gold pieces
 36483 | Elf:1    | Identified the +2 cloak "Gelatt" {-Cast +Inv rC+ Regen+}
                  | (You bought it in a shop on level 1 of the Elven Halls)
 36625 | Elf:2    | Paralysed by an air elemental for 1 turns
 36629 | Elf:2    | Paralysed by an air elemental for 1 turns
 36636 | Elf:2    | Paralysed by an air elemental for 1 turns
 36639 | Elf:1    | Paralysed by an air elemental for 1 turns
 37116 | Elf:2    | Found a runed translucent gate.
 37117 | Elf:2    | Found a runed translucent gate.
 37258 | Elf:2    | Reached skill level 27 in Hexes
 37433 | Elf:2    | Noticed Roxanne
 38484 | Elf:2    | Found a runed translucent gate.
 38697 | Elf:2    | Killed Roxanne
 39330 | Elf:2    | HP: 2/145 [+7 battleaxe of freezing (32)]
 39330 | Elf:2    | Mangled by a +7 battleaxe of freezing

Illustrated notes

Levels and vault maps discovered:
D:1:      sevenhm_arrival_forest_fort_small_3, layout_basic
D:2:      layout_basic, basic_altar, uniq_crazy_yiuf_cottage, uniq_robin,
          uniq_terence
D:3:      layout_rooms, basic_ecumenical_altar, gup_sewer_entry_spiral,
          st_stairs_10
D:4:      minmay_evil_eye, layout_basic, uniq_blork_the_orc
D:5:      layout_layer_cave, minmay_temple_entry_enclosed_plants,
          nicolae_grassy_gnolls, uniq_menkaure
D:6:      minmay_opposing_rooms, layout_cave_pods, serial_co_window_serial,
          co_window_paths_a, co_window_paths_a, co_window_paths_a,
          co_window_corner_a, co_window_cross_1, co_window_broadway_a,
          co_window_2corner, co_window_cross_3, glass_columns_a
D:7:      layout_gridville, gammafunk_temple_overflow_elements
D:8:      layout_cave_pods, nicolae_two_hexagons, kennysheep_generic_room_16
D:9:      cheibrodos_statue_roulette, layout_loops_corners,
          mainiacjoe_overflow_cross_hatched,
          chequers_temple_overflow_statue_of_worship,
          gammafunk_ghost_berserking_beasts, serial_shops, nicolae_shop_trees
D:10:     layout_basic, david_orc_3, uniq_josephine
D:11:     layout_long_grid, dpeg_oklobed_lair
D:12:     layout_long_grid, serial_shops, nicolae_shop_tiny_waterfront, shop,
          shop, shop_fountains, nicolae_shop_getting_attention,
          kiku_gazebo_pond_becter, uniq_frances
D:13:     nicolae_cairo_tiling_very_big, layout_loops_ring
D:14:     layout_cave_pools, hellmonk_vaults_attempted_burglary,
          solitary_fountain, nicolae_trove_entry_crystal, nrook_mini_backslash,
          nicolae_ru_great_annihilating_truth, uniq_agnes, uniq_nessos,
          uniq_louise
D:15:     grunt_enter_depths_giant_problem, layout_cave_pools, serial_rivers,
          chequers_serial_rivers_small_a, chequers_serial_rivers_micro_e,
          chequers_serial_rivers_micro_d, chequers_serial_rivers_micro_a,
          chequers_serial_rivers_large_b, chequers_serial_rivers_small_a,
          uniq_kirke
Temple:   eino_temple_rhombus
Lair:1:   layout_loops_ring, grunt_forest_large_clearing_hut, lemuel_fruit_tree,
          uniq_gastronok, uniq_prince_ribbit2, uniq_amaemon
Lair:2:   layout_gridlike, shoals_dummy_entry, dummy_snake_entry,
          infiniplex_staircase_pool
Lair:3:   layout_hall_layers, beast_lair_carwin_1, grunt_megastairs_3
Lair:4:   layout_regular_city, dpeg_slime_entry_enclosed,
          grunt_forest_stairs_clearing, uniq_rupert
Lair:5:   hellmonk_lair_end_abyssal_woods, layout_cellular_growth,
          maelrawn_ghost_gauntlet_escape, minmay_hedge_maze, minivault_27,
          infiniplex_staircase_pool_2
Shoals:1: layout_shoals, gammafunk_ghost_wrathful_warriors
Shoals:2: layout_shoals, serial_shops, nicolae_shop_just_a_little_nook,
          nicolae_shoals_loop_pool
Shoals:3: layout_shoals, lemuel_centaur_altar
Shoals:4: shoals_end_simple, layout_shoals, nicolae_shoals_bring_sunscreen
Snake:1:  layout_basic, serial_shops, nicolae_shop_stone, grunt_ministairs_14
Snake:2:  layout_misc_corridors, serial_shops, shop, gammafunk_ghost_necromancy,
          uniq_mlioglotl
Snake:3:  layout_onion, serial_shops, nicolae_shop_hallway_plus,
          nicolae_shop_pleasant_corner_grove, nicolae_shop_bloodbath_and_beyond,
          nicolae_shop_trees, shop
Snake:4:  grunt_snake_rune_spirals, layout_onion_interference,
          gammafunk_ghost_grave, serial_bayou_shore_a, uniq_vashnia
Orc:1:    layout_caves, ebering_ghost_xom, uniq_sonja
Orc:2:    st_orc_mages, layout_diamond_mine, gammafunk_ghost_split, mines2_david
Elf:1:    elf_arrival_001, layout_geoelf_grid, serial_shops,
          nicolae_shop_back_alley_shop, minmay_elf_crystal_hexagon, uniq_azrael
Elf:2:    nicolae_elf_blades_splatter_lattice
          [nicolae_blade_entry_crossed_weapons], layout_onion_city, basic_altar,
          lemuel_upstairs_altar, uniq_roxanne, uniq_donald

Skill      XL: |  1  2  3  4  5  6  7  8  9 10 11 12 13 14 15 16 17 18 19 |
---------------+----------------------------------------------------------+-----
Stealth        | 5 6 8 9 10 12 14 15 17 20 23 25 26 27 | 27.0
Hexes          | 5 6 7 9 11 14 16 17 18 20 22 24 26 27 | 27.0
Short Blades   | 2 3 4 5 6 7 8 9 10 | 10.8
Dodging        | 3 4 5 6 7 8 9 10 11 | 11.0
Fighting       | 1 2 3 4 5 6 7 |  7.1
Spellcasting   | 4 6 7 8 9 11 12 13 | 13.4
Armour         | 1 2 3 4 |  4.9
Shields        | 1 2 3 4 |  4.7
Necromancy     | 2 |  2.6
Transmutations | 2 3 |  3.6
Evocations     | |  0.1

Action                     |  1- 3 |  4- 6 |  7- 9 | 10-12 | 13-15 | 16-18 | 19-21 || total
---------------------------+-------+-------+-------+-------+-------+-------+-------++-------
  Melee: Dagger            |   104 |   191 |   223 |   346 |   833 |  1093 |   417 ||  3207
         Bite              |    10 |    11 |    25 |    69 |   139 |   191 |    91 ||   536
         Punch             |     1 |       |     2 |     8 |    13 |    23 |     8 ||    55
         Rapier            |       |       |       |       |    18 |       |       ||    18
   Cast: Ensorcelled Hiber |     8 |    11 |    16 |    11 |     5 |    13 |       ||    64
         Tukima's Dance    |       |     4 |    37 |    49 |     1 |    45 |       ||   136
         Confusing Touch   |       |       |     2 |    24 |    19 |     8 |       ||    53
         Dazzling Flash    |       |       |       |     1 |    64 |    74 |       ||   139
         Discord           |       |       |       |       |       |    24 |       ||    24
         Anguish           |       |       |       |       |       |    15 |       ||    15
         Enfeeble          |       |       |       |       |       |    35 |    29 ||    64
         Yara's Violent Un |       |       |       |       |       |    33 |    11 ||    44
  Evoke: Wand              |       |       |       |       |     2 |     1 |       ||     3
    Use: Scroll            |     2 |    10 |     7 |     3 |     9 |     9 |     2 ||    42
         Potion            |       |       |       |       |     3 |     6 |     1 ||    10
   Stab: Sleeping          |    12 |    22 |    28 |    41 |    91 |   106 |    23 ||   323
         Distracted        |       |     1 |     3 |     2 |    11 |    21 |     2 ||    40
         Confused          |       |       |       |    21 |    15 |     9 |       ||    45
         Invisible         |       |       |       |     1 |    58 |    87 |     6 ||   152
 Armour: Robe              |    46 |    69 |    62 |       |       |       |       ||   177
         Steam dragon scal |       |       |       |    22 |       |       |       ||    22
         Leather armour    |       |       |       |     2 |       |       |       ||     2
         Troll leather arm |       |       |       |    36 |   106 |   155 |    47 ||   344
  Dodge: Dodged            |    83 |   126 |   179 |   189 |   575 |   687 |    98 ||  1937
  Block: Other             |       |       |    41 |    60 |   146 |   156 |    17 ||   420
         Reflection        |       |       |       |     3 |     1 |    23 |     1 ||    28

Table legend: (Time is in decaauts)
 A = Elapsed time spent in this place.
 B = Non-inter-level travel time spent in this place.
 C = Inter-level travel time spent in this place.
 D = Time resting spent in this place.
 E = Time spent auto-exploring this place.
 F = Levels seen in this place.
 G = Mean time per level.
                   A        B        C        D        E       F      G
               +--------+--------+--------+--------+--------+-----+--------+
         Total |  38234 |  36744 |   1490 |   4394 |  23548 |  34 | 1124.5 |
       Dungeon |  15919 |  15211 |    708 |   1688 |  10114 |  15 | 1061.3 |
        Temple |     35 |     35 |      0 |      0 |      0 |   1 |   35.0 |
          Lair |   6235 |   5965 |    270 |    757 |   3840 |   5 | 1247.0 |
        Shoals |   4860 |   4737 |    123 |    237 |   3292 |   4 | 1215.0 |
     Snake Pit |   4798 |   4629 |    169 |    232 |   3140 |   4 | 1199.5 |
  Orcish Mines |   2357 |   2211 |    146 |    402 |   1295 |   2 | 1178.5 |
   Elven Halls |   3588 |   3515 |     73 |   1078 |   1687 |   2 | 1794.0 |
         Sewer |    439 |    439 |      0 |      0 |    178 |   1 |  439.0 |
               +--------+--------+--------+--------+--------+-----+--------+

Top non-repeatable levels by time:
   Elf:2: 2169 daAuts
 Snake:4: 1970 daAuts
  Lair:2: 1709 daAuts
  Lair:5: 1629 daAuts
Shoals:4: 1508 daAuts
   Orc:2: 1500 daAuts
     D:6: 1488 daAuts
   Elf:1: 1418 daAuts
    D:14: 1367 daAuts
     D:8: 1351 daAuts
Shoals:3: 1343 daAuts
     D:9: 1308 daAuts
    D:13: 1293 daAuts
 Snake:1: 1244 daAuts
    D:10: 1145 daAuts
